 Dungeon Crawl Stone Soup version 0.32-a0-984-gb8cfe57ea9 (webtiles) character file.

Game seed: 8081547800804839792

308927 ongoing the Peltast (level 20, -4/184 HPs)
             Began as a Mountain Dwarf Fighter on Apr 21, 2024.
             Was a High Priest of Qazlal.
             Killed from afar by Jory (50 damage)
             ... with a crystal spear
             ... on level 1 of the Vaults.
             The game lasted 01:26:19 (33437 turns).

ongoing the Peltast (Mountain Dwarf Fighter)       Turns: 33437, Time: 01:26:20

Health: -4/184     AC: 34    Str: 25    XL:     20   Next: 36%
Magic:  33/33      EV:  7    Int: 12    God:    Qazlal [*****.]
Gold:   1516       SH: 29    Dex:  7    Spells: 23/29 levels left

rFire   . . .        p - +6 shillelagh "Devastator" {shatter}
rCold   + + +        O - +0 tower shield
rNeg    + + +        x - +10 plate armour {ponderous}
rPois   +            K - +1 hat "Jefoy" {Will+ SInv}
rElec   +            C - +0 cloak {rC+}
rCorr   +            A - +0 pair of gloves "Vuummur" {rN+ Will+ Str+2}
SInv    +            Z - +0 pair of boots
Will    ++++.        c - amulet of reflection Stlth
                     q - ring "Zisuocax" {Wiz rN+ rCorr SInv}
HPRegen 0.50/turn    V - ring of Lasafenno {+Blink rPois rC+++ rN+ Dex-4}
MPRegen 0.23/turn

%: repel missiles, reflection, wizardry (x1)
@: protected from electricity, studying Ice Magic, slow
A: runic magic, artefact enchanting
}: 2/15 runes: barnacled, gossamer
a: Renounce Religion, Evoke Blink, Upheaval, Elemental Force, Disaster Area


You were on level 1 of the Vaults.
You worshipped Qazlal.
Qazlal was extremely pleased with you.
You visited 7 branches of the dungeon, and saw 33 of its levels.
You also visited: Ice Cave.

You collected 3981 gold pieces.
You spent 2465 gold pieces at shops.

Inventory:

Hand Weapons
 p - the +6 shillelagh "Devastator" (weapon) {shatter}
   (You found it on level 2 of the Dungeon)
Missiles
 i - 9 silver javelins (quivered)
 N - 2 curare-tipped darts
 Q - 4 throwing nets
 U - 10 javelins
Armour
 x - a +10 plate armour of ponderousness (worn)
 A - the +0 pair of gloves "Vuummur" (worn) {rN+ Will+ Str+2}
   (You found it on level 10 of the Dungeon)

   Str+2:     It affects your strength (+2).
   rN+:       It protects you from negative energy.
   Will+:     It increases your willpower.
 C - a +0 cloak of cold resistance (worn)
 I - a +2 helmet of intelligence
 K - the +1 hat "Jefoy" (worn) {Will+ SInv}
   (You found it on level 4 of the Spider Nest)

   Will+:     It increases your willpower.
   SInv:      It lets you see invisible.
 O - a +0 tower shield (worn)
 W - the +1 pair of gloves of Guseed {Int+2 Dex+4 Slay+3 Stlth+}
   (You found it on level 1 of the Shoals)

   Int+2:     It affects your intelligence (+2).
   Dex+4:     It affects your dexterity (+4).
   Slay+3:    It affects your accuracy & damage with ranged weapons and melee
   (+3).
   Stlth+:    It makes you more stealthy.
 Z - a +0 pair of boots (worn)
Jewellery
 c - an amulet of reflection (around neck)
 f - an amulet of regeneration
 k - a ring of flight
 q - the ring "Zisuocax" (left hand) {Wiz rN+ rCorr SInv}
   (You found it on level 2 of the Dungeon)

   [ring of wizardry]

   Wiz:       It improves your spell success rate.
   rN+:       It protects you from negative energy.
   SInv:      It lets you see invisible.
   rCorr:     It protects you from acid and corrosion.
 G - the ring of Wowkidun {rF+ rCorr Str+4 SH+5}
   (You bought it in a shop on level 1 of the Dungeon)

   [ring of protection from fire]

   Str+4:     It affects your strength (+4).
   rF+:       It protects you from fire.
   rCorr:     It protects you from acid and corrosion.
   SH+5:      It affects your SH (+5).
 V - the ring of Lasafenno (right hand) {+Blink rPois rC+++ rN+ Dex-4}
   (You found it on level 2 of the Shoals)

   [ring of positive energy]

   Dex-4:     It affects your dexterity (-4).
   rC+++:     It renders you almost immune to cold.
   rPois:     It protects you from poison.
   rN+:       It protects you from negative energy.
   +Blink:    It lets you blink.
 X - a +8 ring of slaying
Wands
 J - a wand of warping (37)
 M - a wand of mindburst (20)
 P - a wand of digging (5)
Scrolls
 a - 4 scrolls of summoning
 d - 5 scrolls of poison
 e - a scroll of revelation
 t - 10 scrolls of teleportation
 u - a scroll of brand weapon
 w - 7 scrolls of fear
 y - 6 scrolls of immolation
 z - 3 scrolls of silence
 B - 3 scrolls of blinking
 D - 2 scrolls of fog
 S - 2 scrolls of enchant weapon
Potions
 b - 5 potions of magic
 g - 9 potions of lignification
 h - 5 potions of enlightenment
 j - 2 potions of invisibility
 l - 4 potions of attraction
 r - 10 potions of mutation
 s - 15 potions of curing
 v - 12 potions of ambrosia
 E - 4 potions of cancellation
 F - 3 potions of heal wounds
 H - 8 potions of brilliance
 L - 4 potions of resistance
 Y - 2 potions of might
Miscellaneous
 n - a box of beasts
 o - a condenser vane
 R - a phantom mirror
 T - a lightning rod (4/4)


   Skills:
 - Level 17.0 Fighting
 - Level 2.4(9.3) Axes
 - Level 13.8(14.0) Maces & Flails
 - Level 17.0 Armour
 - Level 3.5 Dodging
 + Level 19.1 Shields
 - Level 5.0 Spellcasting
 - Level 10.0 Translocations
 - Level 18.0 Invocations
 - Level 10.0 Evocations


You had 23 spell levels left.
You knew the following spells:

 Your Spells              Type           Power      Damage    Failure   Level
a - Apportation           Tloc           54%        N/A       1%          1
b - Maxwell's Portable P  Tloc           27%        2d(7-21)  1%          3
c - Blink                 Tloc           54%        N/A       1%          2

Your spell library contained the following spells:

 Spells                   Type           Power      Damage    Failure   Level
 Kiss of Death            Conj/Necr      12%        2d6       22%         1
 Magic Dart               Conj           12%        1d3       22%         1
 Necrotise                Necr           12%        1d4       22%         1
 Sting                    Conj/Alch      12%        1d3       22%         1
 Summon Small Mammal      Summ           12%        N/A       22%         1
 Dimensional Bullseye     Hex/Tloc       7%         N/A       26%         4
 Call Imp                 Summ           6%         N/A       32%         2
 Cigotuvi's Dreadful Rot  Necr/Alch/Air  6%         N/A       32%         2
 Jinxbite                 Hex            6%         N/A       32%         2
 Scorch                   Fire           6%         2d5       32%         2
 Dispersal                Tloc           13%        N/A       45%         6
 Gell's Gavotte           Tloc           13%        2d(17-25) 45%         6
 Confusing Touch          Hex            3%         N/A       52%         3
 Dazzling Flash           Conj/Hex       6%         N/A       52%         3
 Frozen Ramparts          Ice            6%         1d1       52%         3
 Inner Flame              Hex/Fire       3%         N/A       52%         3
 Ozocubu's Armour         Ice            3%         N/A       52%         3
 Summon Ice Beast         Ice/Summ       3%         N/A       52%         3
 Brom's Barrelling Bould  Conj/Erth      3%         2d3       89%         4
 Dispel Undead            Necr           3%         3d7       89%         4
 Flame Wave               Conj/Fire      3%         2d5       89%         4
 Ignite Poison            Fire/Alch      3%         N/A       89%         4
 Martyr's Knell           Necr/Summ      3%         N/A       89%         4
 Summon Lightning Spire   Summ/Air       3%         N/A       89%         4
 Manifold Assault         Tloc           13%        N/A       95%         7
 Arcjolt                  Conj/Air       1%         1d11      99%         5
 Fireball                 Conj/Fire      1%         3d3       99%         5
 Freezing Cloud           Conj/Ice/Air   1%         6-21      99%         5
 Irradiate                Conj/Alch      1%         3d12      99%         5
 Iskenderun's Battlesphe  Conj           3%         2d6       99%         5
 Metabolic Englaciation   Hex/Ice        1%         N/A       99%         5
 Summon Mana Viper        Hex/Summ       3%         N/A       99%         5
 Yara's Violent Unravell  Hex/Alch       1%         3d3       99%         5
 Conjure Ball Lightning   Conj/Air       1%         3x3d6     100%        6
 Permafrost Eruption      Ice/Erth       1%         2x4d2     100%        6
 Sculpt Simulacrum        Ice/Alch       1%         N/A       100%        6
 Starburst                Conj/Fire      1%         6d3       100%        6
 Summon Cactus Giant      Summ           1%         N/A       100%        6
 Enfeeble                 Hex            1%         N/A       100%        7
 Magnavolt                Erth/Air       1%         3d9       100%        7
 Malign Gateway           Summ/Tloc      7%         N/A       100%        7
 Monstrous Menagerie      Summ           1%         N/A       100%        7
 Orb of Destruction       Conj           1%         9d5       100%        7
 Borgnjor's Revivificati  Necr           1%         N/A       100%        8
 Disjunction              Tloc           13%        N/A       100%        8
 Fulsome Fusillade        Conj/Alch      1%         (3-5)d4   100%        8
 Ignition                 Fire           1%         3d3       100%        8
 Maxwell's Capacitive Co  Air            1%         ∞         100%        8


Dungeon Overview and Level Annotations

Branches:
Dungeon (15/15) Zot: 25741  Temple (1/1) D:7 Zot: 5934    Lair (5/5) D:10 Zot: 25194
 Shoals (4/4) Lair:2 Zot: 18111  Spider (4/4) Lair:3 Zot: 18705   Slime (0/5) Lair:5
    Orc (2/2) D:11 Zot: 10255     Elf (0/3) Orc:2        Vaults (2/5) D:13 Zot: 10355
 Depths (0/4) D:15          IceCv (visited)
  Crypt: Vaults:2-3

Altars:
Ashenzari
Cheibriados
Dithmenos
Elyvilon
Fedhas
Gozag
Hepliaklqana
Kikubaaqudgha
Makhleb
Nemelex Xobeh
Okawaru
Qazlal
Ru
Sif Muna
Trog
Uskayaw
Vehumet
Wu Jian
Xom
Yredelemnul
Zin
The Shining One
Beogh
Jiyva

Shops:
D:1 =   D:8 :   D:15 *   Orc:2 =[??

Portals:
Pandemonium: Orc:2

Annotations:
Spider:3 IndexError's ghost, adept GnCj
Vaults:1 Jory


Innate Abilities, Weirdness & Mutations

Your spellcasting is much less encumbered by armour.
You can use scrolls of enchantment on lesser artefacts.


Message History

Qazlal accepts your kill.
You hit Jory but do no damage.
Jory is severely damaged.
You are unaffected.
You hit Jory.
Jory shudders.
Jory is severely damaged. x2
You hit Jory but do no damage.
Jory is severely damaged.
You block Jory's attack. x2
You hit Jory but do no damage.
Jory is severely damaged.
Jory gestures at you while chanting. The crystal spear hits you!!!
You feel more protected from physical attacks.
You bludgeon Jory!!
Jory shudders.
Jory is almost destroyed. x2
You barely miss Jory.
Jory is almost destroyed.
You are unaffected.
You closely miss Jory.
Jory is almost destroyed.
Jory hits you with a +0 battleaxe of electrocution!!
* * * LOW HITPOINT WARNING * * *
Your resistance to physical damage fades away.
You feel protected from electricity.
You are electrocuted!!
* * * LOW HITPOINT WARNING * * *
Jory bites you!
* * * LOW HITPOINT WARNING * * *
You closely miss Jory.
Jory is almost destroyed.
You hit Jory but do no damage.
Jory is almost destroyed.
Jory barely misses you. Jory bites you but does no damage.
You closely miss Jory.
Jory is almost destroyed.
Jory points at you and mumbles some strange words.
The crystal spear hits you!!!
You die...
Jory screams, "Yes, yes!"

#....# #...# #.
#....# #...# #.
#....# #...# #.
#####....# #...# #.
.........# #...# #.
.........# #...# #.
.........#
##########...# #.
.........#
#.V○°....#...# ##
.........#
#°.@○....'...# #.
.........#
#.°......#...# #####
#######..#
#○..○....#...###....
## #..#
#........#...##..#..
.## #..#
#........#...'.∩.#..
..# #..#
##########...##..#..
#.# #..# #...###....
#.# #..# #...# #####
..# #..# #...#


You could see Jory.

Vanquished Creatures
  Mara (Spider:3)
  Bai Suzhen (Shoals:3)
  Saint Roka (Orc:2)
  Nikola (Spider:1)
  The ghost of Unoacol the Warrior, an adept OnFi of Okawaru (Spider:3)
  Rupert (Lair:3)
  Asterion (Vaults:2)
  Mlioglotl (Spider:2)
  The ghost of Oretred the Warrior, an adept MiFi of Okawaru (Spider:3)
  Frances (D:12)
  Gastronok (Lair:3)
  2 krakens
  Kirke (Lair:3)
  The ghost of kuniqs the Warrior, an adept VSBe of Trog (Spider:3)
  A storm dragon (D:15)
  A daeva (Shoals:4)
  3 ghost moths
  5 emperor scorpions
  3 vault wardens (Vaults:2)
  5 broodmothers (Spider:4)
  4 ironbound preservers
  An ironbound thunderhulk (Vaults:1)
  The ghost of Piggab the Fighter, a journeyman CoHu of Okawaru (D:15)
  Azrael (D:14)
  A spark wasp (Lair:3)
  A dire elephant (Vaults:1)
  Snorg (Orc:1)
  17 merfolk impalers
  5 merfolk javelineers
  4 entropy weavers
  A fire dragon (D:15)
  2 yaktaur captains (Vaults:1)
  3 rakshasas (D:13)
  7 hydras
  Erolcha (Orc:2)
  8 vault guards (D:13)
  9 two-headed ogres
  6 merfolk avatars
  3 catoblepae
  A demonspawn (Orc:2)
  6 centaur warriors
  2 jorogumos
  An alligator snapping turtle (Shoals:2)
  4 ironbound frosthearts (Vaults:1)
  The ghost of Boda the Convoker, a journeyman TeSu of Gozag (Shoals:2)
  8 merfolk aquamancers
  10 boulder beetles
  8 death yaks
  3 radroaches
  5 demonic crawlers
  A deep troll shaman (Lair:5)
  A satyr (Shoals:4)
  An occultist (D:15)
  4 orc high priests (Orc:2)
  A storm dragon zombie (D:15)
  Amaemon (Lair:1)
  A sun demon (Orc:2)
  A fire crab (Lair:5)
  A sixfirhy (Orc:2)
  2 skysharks (Shoals:2)
  2 cherubim (Shoals:4)
  10 pharaoh ants
  7 deep trolls
  13 sea snakes
  2 skeletal warriors (D:15)
  An arcanist (Vaults:2)
  A flayed ghost (D:15)
  12 orb spiders
  3 lindwurms
  A spark wasp zombie (D:15)
  An orange crystal statue (Vaults:1)
  2 sun moths
  6 harpies
  7 ironbound convokers
  2 necromancers
  An obsidian bat (Orc:2)
  2 steelbarb worms
  6 orc knights
  3 deep elf pyromancers
  16 wolf spiders
  6 ugly things
  5 fauns (Shoals:2)
  8 orc sorcerers
  8 cyclopes
  3 meliai (Lair:4)
  4 kobold blastminers (Orc:1)
  17 manticores
  6 merfolk sirens
  8 elephants (Lair:5)
  7 black mambas
  2 moths of wrath
  4 water nymphs
  An orange demon (Lair:1)
  An ice statue (IceCv)
  6 vault sentinels
  11 cane toads
  2 torpor snails (Spider:4)
  10 rime drakes
  12 komodo dragons
  14 ice devils
  2 yaktaurs
  A kobold demonologist (D:11)
  6 efreet
  5 freezing wraiths
  35 merfolk
  5 wind drakes
  2 queen bees
  3 hornets (D:13)
  5 polar bears
  7 trolls
  10 snapping turtles
  20 tarantellas
  20 blink frogs
  26 jumping spiders
  13 dream sheep
  Grinder (D:3)
  A raiju (shapeshifter) (D:14)
  10 slime creatures
  19 culicivoras
  2 shadows
  20 water elementals
  A centaur simulacrum (D:15)
  2 vampires
  A spriggan (shapeshifter) (D:14)
  4 fire elementals (D:14)
  8 wyverns
  3 dire elephant simulacra (IceCv)
  12 spriggans (D:13)
  4 wraiths
  5 hogs (Lair:3)
  41 yaks
  5 basilisks
  41 redbacks
  4 death yak simulacra (IceCv)
  3 steam dragons
  9 vampire mosquitoes
  Edmund (D:4)
  A harpy simulacrum (IceCv)
  2 acid dragons
  3 hydra simulacra (IceCv)
  4 hell hounds (D:14)
  18 water moccasins
  33 orc warriors
  4 ogres
  3 black bears
  A sky beast (shapeshifter) (D:13)
  3 boggarts (D:13)
  9 centaurs
  18 wolves
  3 kobold brigands
  3 phantoms
  12 bullfrogs
  A gnoll sergeant (D:6)
  A two-headed ogre simulacrum (IceCv)
  2 scorpions
  6 cane toad simulacra (IceCv)
  A water moccasin zombie (D:4)
  5 wights (D:8)
  5 elephant simulacra (IceCv)
  70 killer bees
  5 electric eels
  8 howler monkeys
  A bombardier beetle (D:5)
  8 hounds
  5 jellies
  31 orc priests
  2 iguanas
  2 sleepcaps
  20 orc wizards
  A scorpion zombie (D:4)
  7 hell rats (Lair:5)
  2 polar bear simulacra (IceCv)
  A spriggan simulacrum (IceCv)
  2 troll simulacra (IceCv)
  3 wolf simulacra (IceCv)
  A hound skeleton (D:4)
  3 adders
  11 gnolls
  A river rat (Lair:4)
  A shadow imp (D:7)
  2 white imps (D:5)
  2 ufetubi (IceCv)
  An adder skeleton (D:4)
  4 adder zombies (D:4)
  A dart slug (D:4)
  4 ribbon worms
  106 orcs
  4 bats
  4 endoplasms
  2 giant cockroaches (D:2)
  7 hobgoblins
  2 jackals (D:4)
  3 quokkas
  6 ball pythons
  2 goblins (D:2)
  20 kobolds
  6 rats
  A butterfly (Lair:4)
  6 tentacles
1268 creatures vanquished.

Vanquished Creatures (collateral kills)
  The ghost of wpisznazwe the Peltast, an adept MiFi of the Shining One (Spider:3)
  A hydra (Lair:2)
  A merfolk aquamancer (Shoals:4)
  A satyr (Shoals:4)
  A spark wasp zombie (D:15)
  2 ugly things (D:15)
  An orc sorcerer (Orc:2)
  2 black mambas (Lair:5)
  A yak (Lair:5)
  2 water moccasins
  An orc (D:12)
14 creatures vanquished.

Vanquished Creatures (others)
  An orb spider (Spider:4)
  A wolf spider (Spider:1)
  2 manticores
  3 meliai (Spider:1)
  A torpor snail (Spider:1)
  2 jumping spiders (Spider:1)
  A tarantella (Spider:1)
  A blink frog (Lair:1)
  3 slime creatures (D:14)
  A redback (Spider:1)
  A centaur (D:15)
  An electric eel (D:14)
  10 tentacles
28 creatures vanquished.

Grand Total: 1310 creatures vanquished

Notes
Turn   | Place    | Note
-------+----------+-------------------------------------------
     0 | D:1      | ongoing the Mountain Dwarf Fighter began the quest for the
                  | Orb.
     0 | D:1      | Reached XP level 1. HP: 19/19 MP: 1/1
   741 | D:1      | Found Umeproug's One-of-a-Kind Rings.
   941 | D:2      | Reached XP level 2. HP: 27/27 MP: 2/2
   998 | D:2      | Found the +6 shillelagh "Devastator" {shatter}
  1087 | D:2      | Identified the ring "Zisuocax" {Wiz rN+ rCorr SInv}
  1174 | D:2      | Identified the +11 dagger of Balance {holy, Int+2 Dex+2
                  | Stlth+}
  1318 | D:2      | Reached XP level 3. HP: 34/34 MP: 3/3
  1387 | D:3      | Found a sparkling altar of Nemelex Xobeh.
  1457 | D:3      | Noticed Grinder
  1473 | D:3      | Killed Grinder
  1474 | D:3      | Reached skill level 5 in Fighting
  1474 | D:3      | Reached skill level 5 in Maces & Flails
  1474 | D:3      | Reached XP level 4. HP: 38/42 MP: 4/4
  1474 | D:3      | Reached XP level 5. HP: 43/48 MP: 5/5
  1701 | D:3      | Found the +1 Delatra's gloves {ID++}
  1708 | D:3      | Reached XP level 6. HP: 55/56 MP: 6/6
  1972 | D:4      | Reached XP level 7. HP: 52/61 MP: 7/7
  1991 | D:4      | Noticed Edmund
  2009 | D:4      | Killed Edmund
  2047 | D:4      | Found a hazy altar of Hepliaklqana.
  2072 | D:4      | You fall into a shaft and drop 3 floors!
  2084 | D:7      | Found a staircase to the Ecumenical Temple.
  2094 | Temple   | Entered the Ecumenical Temple
  2134 | Temple   | Became a worshipper of Qazlal Stormbringer
  2460 | D:7      | Reached XP level 8. HP: 57/74 MP: 8/8
  3042 | D:6      | Found an iron altar of Okawaru.
  3120 | D:6      | Reached skill level 10 in Maces & Flails
  3136 | D:6      | Reached * piety under Qazlal
  3153 | D:6      | Identified the +0 scale mail of Buapuar {rC+ rCorr Str+3
                  | Dex+3}
  3588 | D:6      | Found a broken altar of Ashenzari.
  3876 | D:6      | Noticed a manticore
  3887 | D:6      | Killed a manticore
  3888 | D:6      | Reached XP level 9. HP: 32/81 MP: 9/9
  3944 | D:6      | Reached skill level 1 in Invocations
  4283 | D:6      | Found a sacrificial altar of Ru.
  4324 | D:6      | Noticed a komodo dragon
  4338 | D:6      | Killed a komodo dragon
  4339 | D:6      | Reached skill level 5 in Invocations
  4842 | D:5      | Entered Level 5 of the Dungeon
  5651 | D:5      | Found a shadowy altar of Dithmenos.
  5779 | D:4      | Reached ** piety under Qazlal
  6106 | D:8      | Reached skill level 4 in Shields
  6147 | D:8      | Found an opulent altar of Gozag.
  6198 | D:8      | Reached skill level 5 in Shields
  6204 | D:8      | Found Atixzuilip's Book Emporium.
  6243 | D:8      | Found a shimmering blue altar of Sif Muna.
  6270 | D:8      | Found a shimmering altar of Xom.
  6331 | D:8      | Noticed a two-headed ogre
  6338 | D:8      | Killed a two-headed ogre
  6339 | D:8      | Reached skill level 6 in Shields
  6339 | D:8      | Reached XP level 10. HP: 60/88 MP: 16/16
  6458 | D:8      | Reached skill level 7 in Shields
  6481 | D:8      | Found a radiant altar of Vehumet.
  6653 | D:9      | Reached skill level 8 in Shields
  6688 | D:9      | Found a basalt altar of Yredelemnul.
  6793 | D:9      | Found a burning altar of Makhleb.
  6793 | D:9      | Found a glowing silver altar of Zin.
  6794 | D:9      | Noticed an angel
  6794 | D:9      | Noticed an Executioner
  6866 | D:9      | Found a hide-covered altar of Uskayaw.
  6866 | D:9      | Found a blossoming altar of Fedhas.
  6905 | D:9      | Reached skill level 10 in Fighting
  6926 | D:9      | Reached *** piety under Qazlal
  7239 | D:9      | Found a bloodstained altar of Trog.
  7513 | D:9      | Identified 2 scrolls of acquirement
  7513 | D:9      | Acquired 394 gold pieces
  7516 | D:9      | Acquired 507 gold pieces
  7618 | D:10     | Entered Level 10 of the Dungeon
  7672 | D:10     | Identified the +0 pair of gloves "Vuummur" {rN+ Will+
                  | Str+2}
  7780 | D:10     | Reached XP level 11. HP: 101/104 MP: 17/17
  7860 | D:10     | Noticed a centaur warrior
  7864 | D:10     | Killed a centaur warrior
  8271 | D:10     | Found a staircase to the Lair.
  8641 | D:11     | Reached **** piety under Qazlal
  8711 | D:10     | Reached skill level 10 in Invocations
  8760 | D:11     | Noticed a two-headed ogre
  8764 | D:11     | Killed a two-headed ogre
  8859 | D:11     | Found a staircase to the Orcish Mines.
  8944 | D:11     | Noticed a two-headed ogre
  8951 | D:11     | Killed a two-headed ogre
  9468 | D:1      | Bought a +8 ring of slaying for 1361 gold pieces
  9669 | Lair:1   | Entered Level 1 of the Lair of Beasts
  9734 | Lair:1   | Reached ***** piety under Qazlal
  9751 | Lair:1   | Reached XP level 12. HP: 77/112 MP: 22/22
  9902 | Lair:1   | Noticed Amaemon
  9911 | Lair:1   | Killed Amaemon
 10089 | Lair:1   | Reached skill level 15 in Invocations
 10197 | Lair:1   | Found an ornate altar of the Wu Jian Council.
 10533 | Lair:2   | Found a staircase to the Shoals.
 10541 | Lair:2   | Noticed a six-headed hydra
 10552 | Lair:2   | Killed a six-headed hydra
 10618 | Lair:2   | Reached skill level 9 in Shields
 10668 | Lair:2   | Reached skill level 10 in Shields
 10679 | Lair:2   | You fall into a shaft and drop 1 floor!
 10734 | Lair:3   | Noticed a catoblepas
 10749 | Lair:3   | Killed a catoblepas
 10750 | Lair:3   | Reached skill level 11 in Shields
 10805 | Lair:3   | Noticed Kirke
 10977 | Lair:2   | Found a frozen archway.
 10983 | Lair:2   | Reached skill level 12 in Shields
 11003 | IceCv    | Entered an ice cave
 11007 | IceCv    | Reached XP level 13. HP: 115/118 MP: 24/24
 11189 | IceCv    | Found an ancient bone altar of Kikubaaqudgha.
 11347 | IceCv    | Reached ****** piety under Qazlal
 11368 | IceCv    | Got the Parchment of the Charnel Icicle
 11427 | IceCv    | Reached skill level 1 in Evocations
 11869 | Lair:3   | Killed Kirke
 11916 | Lair:3   | Noticed Gastronok
 11927 | Lair:3   | Killed Gastronok
 11928 | Lair:3   | Reached skill level 5 in Evocations
 11930 | Lair:3   | Noticed Rupert
 11941 | Lair:3   | Killed Rupert
 12160 | Lair:3   | Found a hole to the Spider Nest.
 12520 | Lair:4   | Reached skill level 13 in Shields
 12687 | Lair:4   | Reached XP level 14. HP: 96/132 MP: 25/25
 12691 | Lair:4   | Reached skill level 14 in Shields
 13029 | Lair:4   | Reached skill level 15 in Shields
 13394 | Lair:4   | Identified the +1 war axe of Misery {antimagic, Str+2 SInv}
 13653 | Lair:5   | Entered Level 5 of the Lair of Beasts
 13970 | Lair:5   | Reached skill level 10 in Evocations
 14224 | Lair:5   | Found a staircase to the Slime Pits.
 14224 | Lair:5   | Found a viscous altar of Jiyva.
 14308 | Lair:5   | Found an ancient bone altar of Kikubaaqudgha.
 14834 | D:12     | Noticed Frances
 14842 | D:12     | Killed Frances
 14964 | D:12     | Found a runed translucent door.
 14968 | D:12     | Found a runed translucent door.
 14997 | D:12     | Reached XP level 15. HP: 138/138 MP: 27/27
 15124 | D:12     | Found a runed translucent door.
 15632 | D:13     | Reached skill level 1 in Spellcasting
 15632 | D:13     | Reached skill level 1 in Translocations
 15686 | D:13     | Found a gate to the Vaults.
 16456 | Orc:1    | Entered Level 1 of the Orcish Mines
 16542 | Orc:1    | Found a roughly hewn altar of Beogh.
 16635 | Orc:2    | Entered Level 2 of the Orcish Mines
 16666 | Orc:2    | Found a staircase to the Elven Halls.
 16717 | Orc:2    | Noticed Saint Roka
 16742 | Orc:2    | Noticed Erolcha
 16747 | Orc:2    | Noticed Snorg
 16825 | Orc:1    | Killed Snorg
 16841 | Orc:2    | Killed Saint Roka
 16842 | Orc:2    | Reached skill level 5 in Spellcasting
 16842 | Orc:2    | Reached skill level 5 in Translocations
 16920 | Orc:2    | Killed Erolcha
 17223 | Orc:2    | Found Paeligev's Magic Scroll Shop.
 17225 | Orc:2    | Found Raaqasit's Magic Scroll Boutique.
 17391 | Orc:2    | Found a roughly hewn altar of Beogh.
 17614 | Orc:2    | Found Dojiy's Jewellery Emporium.
 17614 | Orc:2    | Found Mippaeg's Antique Armour Shoppe.
 17617 | Orc:2    | Found a one-way gate leading to the halls of Pandemonium.
 17621 | Orc:2    | Reached XP level 16. HP: 132/146 MP: 29/29
 18045 | D:1      | Bought the ring of Wowkidun {rF+ rCorr Str+4 SH+5} for 698
                  | gold pieces
 19027 | D:14     | Noticed Azrael
 19040 | D:14     | Killed Azrael
 19341 | D:15     | Entered Level 15 of the Dungeon
 19367 | D:15     | Found a staircase to the Depths.
 19378 | D:15     | Reached skill level 10 in Translocations
 19601 | D:15     | Found a runed translucent gate.
 19601 | D:15     | Found a runed translucent gate.
 19601 | D:15     | Noticed a storm dragon
 19601 | D:15     | Noticed Piggab's ghost (journeyman CoHu)
 19602 | D:15     | Found a runed translucent gate.
 19757 | D:15     | Found a white marble altar of Elyvilon.
 19768 | D:15     | Reached skill level 5 in Armour
 19861 | D:15     | Found Buqinic's Assorted Antiques.
 19869 | D:15     | Bought a faintly glowing chain mail for 266 gold pieces
 19869 | D:15     | Identified the +0 chain mail "Zamm" {Harm rElec Int-2
                  | Dex+2} (You bought it in a shop on level 15 of the Dungeon)
 19869 | D:15     | Bought a glittering amber ring for 140 gold pieces
 19869 | D:15     | Identified the ring of Quwu Wumn {Will+ Str+3 Dex+5} (You
                  | bought it in a shop on level 15 of the Dungeon)
 19986 | D:15     | Found a hazy altar of Hepliaklqana.
 20229 | D:15     | Killed a storm dragon
 20260 | D:15     | Killed Piggab's ghost
 20329 | D:15     | Learned a level 1 spell: Apportation
 20333 | D:15     | Learned a level 3 spell: Maxwell's Portable Piledriver
 20538 | Shoals:1 | Entered Level 1 of the Shoals
 20657 | Shoals:1 | Noticed a kraken
 20688 | Shoals:1 | Killed a kraken
 21118 | Shoals:1 | Identified the +1 pair of gloves of Guseed {Int+2 Dex+4
                  | Slay+3 Stlth+}
 21843 | Shoals:2 | Reached skill level 10 in Armour
 22181 | Shoals:2 | Found a transporter.
 22183 | Shoals:2 | Found a transporter.
 22201 | Shoals:2 | Noticed Boda's ghost (journeyman TeSu)
 22227 | Shoals:2 | Reached XP level 17. HP: 140/152 MP: 26/30
 22253 | Shoals:2 | Noticed a kraken
 22712 | Shoals:2 | Killed Boda's ghost
 22715 | Shoals:2 | Killed a kraken
 22895 | Shoals:2 | Identified the ring of Irrin {rF+ Will+ Int+5}
 22898 | Shoals:2 | Identified the ring of Lasafenno {+Blink rPois rC+++ rN+
                  | Dex-4}
 23064 | Shoals:3 | Noticed Bai Suzhen
 23087 | Shoals:3 | Killed Bai Suzhen
 23908 | Shoals:4 | Entered Level 4 of the Shoals
 24671 | Shoals:4 | Found a glowing golden altar of the Shining One.
 24687 | Shoals:4 | HP: 4/152 [daeva/divine providence (14)]
 24691 | Shoals:4 | Reached skill level 15 in Armour
 24692 | Shoals:4 | HP: 3/152 [barbs]
 25264 | Shoals:4 | Found a white marble altar of Elyvilon.
 25454 | Shoals:4 | Found a glowing silver altar of Zin.
 25681 | Shoals:4 | Got a barnacled rune of Zot
 25782 | Shoals:4 | Got Nawom's Papyrus of the Blink Frog
 26237 | Spider:1 | Entered Level 1 of the Spider Nest
 26237 | Spider:1 | Noticed Nikola
 26243 | Spider:1 | HP: 3/152 [Nikola/arc of chain lightning (64)]
 26557 | Spider:1 | Killed Nikola
 26583 | Spider:1 | Reached XP level 18. HP: 108/160 MP: 23/31
 27035 | Spider:2 | Reached skill level 15 in Fighting
 27416 | Spider:2 | Noticed Mlioglotl
 27429 | Spider:2 | Killed Mlioglotl
 28249 | Spider:3 | Noticed Mara
 28256 | Spider:3 | Noticed ongoing's illusion
 28259 | Spider:3 | Killed Mara
 29006 | Spider:3 | Found a runed translucent gate.
 29006 | Spider:3 | Found a runed translucent gate.
 29006 | Spider:3 | Found a runed translucent gate.
 29009 | Spider:3 | Noticed IndexError's ghost (adept GnCj)
 29009 | Spider:3 | Noticed Unoacol's ghost (adept OnFi)
 29010 | Spider:3 | Noticed wpisznazwe's ghost (adept MiFi)
 29010 | Spider:3 | Noticed Oretred's ghost (adept MiFi)
 29011 | Spider:3 | Noticed kuniqs's ghost (adept VSBe)
 29054 | Spider:3 | Killed Unoacol's ghost
 29357 | Spider:3 | Killed Oretred's ghost
 29481 | Spider:3 | Killed wpisznazwe's ghost
 29561 | Spider:3 | Killed kuniqs's ghost
 29981 | Spider:4 | Entered Level 4 of the Spider Nest
 30088 | Spider:4 | Reached skill level 16 in Shields
 30572 | Spider:4 | Paralysed by a jorogumo for 2 turns
 31068 | Spider:4 | Reached skill level 17 in Shields
 31250 | Spider:4 | Reached XP level 19. HP: 177/177 MP: 32/32
 31440 | Spider:4 | Got a gossamer rune of Zot
 31453 | Spider:4 | Identified the +0 hat "Jefoy" {Will+ SInv}
 31485 | Spider:4 | Reached XP level 20. HP: 184/184 MP: 33/33
 31650 | Spider:4 | Learned a level 2 spell: Blink
 31863 | Vaults:1 | Entered Level 1 of the Vaults
 32352 | Vaults:1 | Reached skill level 18 in Shields
 33148 | Vaults:2 | Noticed Jory
 33153 | Vaults:2 | Noticed Asterion
 33157 | Vaults:2 | Killed Asterion
 33167 | Vaults:2 | Reached skill level 19 in Shields
 33437 | Vaults:1 | Killed from afar by Jory

Illustrated notes

Levels and vault maps discovered:
D:1:      lightli_arrival_isolated_outpost, layout_basic,
          nicolae_shop_unique_rings
D:2:      layout_rooms, minmay_pentomino_o4
D:3:      layout_basic, mainiacjoe_overflow_chevrons, serial_bayou_lagoon_a,
          pf_guarded_unrand_delatra, uniq_grinder
D:4:      layout_rooms, kennysheep_mini, serial_undead, serial_undead_a,
          serial_undead_b, serial_undead_c, serial_undead_d, uniq_edmund
D:5:      layout_basic, kennysheep_little_box, bh_walls_and_bars
D:6:      minmay_chambers_of_sixes, layout_layer_cave, ashenzari_altar_1,
          nicolae_ru_path_of_blood, okawaru_ov_weapons_minmay,
          nicolae_houndstooth_variations
D:7:      layout_layer_cave, minmay_temple_entry_large_hall,
          kennysheep_cross_bottleneck, nicolae_water_bricks
D:8:      layout_cave_pools, nicolae_sif_muna_condensation,
          nicolae_overflow_hidden_temple, grunt_gozag_breadcrumbs,
          mainiacjoe_overflow_paths, serial_shops,
          nicolae_shop_pleasant_corner_grove
D:9:      layout_roguey, grunt_temple_overflow_order_and_chaos_2,
          yredelemnul_altar_generic, trog_three_pillars_becter,
          gammafunk_temple_overflow_wave, nicolae_looking_at_the_future
D:10:     layout_stronghold, erik_lair_island
D:11:     layout_cave_pools, hiddenorc2_lemuel
D:12:     layout_loops_ring, mikee_hates_you, uniq_frances
D:13:     kb_forest_paths, layout_loops_ring, erik_vaults_2, nicolae_burly_brawl
D:14:     layout_basic, serial_park_gazebo [serial_park_minivault_5x5_7],
          hex_large, uniq_azrael
D:15:     gammafunk_depths_entry_grave, layout_gridville, serial_shops, shop,
          gammafunk_ghost_split, elyvilon_altar_5,
          nicolae_hepliaklqana_hazy_memory
Temple:   nicolae_temple_superstar
Lair:1:   layout_loops_ring, basic_altar, uniq_amaemon
Lair:2:   layout_misc_corridors, shoals_dummy_entry,
          portal_ice_cave_demonic_guard
Lair:3:   layout_loops_ring, spider_nest_entry_a, uniq_rupert, uniq_gastronok,
          uniq_kirke
Lair:4:   regret_index_bee_streams, layout_cave_pods, grunt_megastairs_2,
          lemuel_fruit_fields
Lair:5:   grunt_lair_end_beastmaster, layout_misc_corridors,
          nicolae_slime_entry_field_trip, basic_altar,
          nicolae_quartered_pool_little, serial_bayou_shore_b
Shoals:1: layout_shoals
Shoals:2: layout_shoals, ebering_ghost_davey_jones,
          nicolae_shoals_water_elemental_grotto
Shoals:3: layout_shoals, nicolae_shoals_hunting_party, uniq_bai_suzhen
Shoals:4: shoals_end_hellmonk_holy_island
Spider:1: layout_cave_pods, uniq_nikola
Spider:2: layout_spider_delve, drop_trap, uniq_mlioglotl
Spider:3: layout_spider_delve, gammafunk_ghost_cemetery, drop_trap, uniq_mara
Spider:4: hellmonk_spider_rune_endless_swarm, hangedman_stitches_earthworm
Orc:1:    layout_caves, basic_altar
Orc:2:    pf_orc_diabolical, layout_diamond_mine, basic_altar, uniq_erolcha,
          uniq_snorg, uniq_saint_roka
Vaults:1: v_misc_14, nicolae_vaults_sealed_display, vaults_room_door_hall,
          v_rooms_4, vaults_dpeg_ring, vaults_room_ringed_pool,
          nicolae_vaults_tetromino_L_1, ontoclasm_vaults_eye,
          ontoclasm_vaults_idyll, nicolae_vaults_statue_guard,
          layout_vaults_omnigrid
Vaults:2: v_misc_30, vaults_room_grunt_arrival_ludios, nicolae_vaults_cochlea,
          vaults_standard_mumra_lines, nicolae_vaults_shelves_hall,
          nicolae_vaults_storage_closets_3, vaults_mumra_chevron_long,
          nicolae_vaults_little_squares_4, dpeg_vaults_monster_box,
          ontoclasm_vaults_gateway, hangedman_vaults_stretched_pinwheel,
          v_misc_16, nicolae_vaults_heart-shaped_vault, vaults_dpeg_hooks,
          nicolae_vaults_double_plus_1, nicolae_vaults_diffraction_hallways,
          layout_vaults_omnibox, uniq_asterion, uniq_jory

Skill      XL: |  1  2  3  4  5  6  7  8  9 10 11 12 13 14 15 16 17 18 19 20 |
---------------+-------------------------------------------------------------+-----
Fighting       | 4 5 8 11 12 14 17 | 17.0
Maces & Flails | 5 7 11 12 13 | 13.8
Invocations    | 8 14 15 17 18 | 18.0
Shields        | 6 8 12 13 15 17 19 | 19.1
Evocations     | 6 10 | 10.0
Spellcasting   | 5 |  5.0
Translocations | 7 10 | 10.0
Armour         | 11 17 | 17.0
Dodging        | 3 |  3.5
Axes           | |  2.4

Action                     |  1- 3 |  4- 6 |  7- 9 | 10-12 | 13-15 | 16-18 | 19-21 || total
---------------------------+-------+-------+-------+-------+-------+-------+-------++-------
  Melee: War axe           |    43 |       |       |       |     1 |       |       ||    44
         Shillelagh        |    25 |    39 |   155 |   428 |   697 |  1150 |   129 ||  2623
  Throw: Dart              |       |       |     3 |       |       |       |       ||     3
 Invoke: Upheaval          |       |       |       |     3 |    11 |    42 |     2 ||    58
         Elemental Force   |       |       |       |     1 |     3 |     5 |       ||     9
         Disaster Area     |       |       |       |       |     2 |     3 |     2 ||     7
  Evoke: Box of beasts     |       |       |       |       |       |     2 |       ||     2
         Wand              |       |       |       |       |       |     1 |       ||     1
    Use: Potion            |     1 |       |       |       |     1 |     9 |     1 ||    12
         Scroll            |       |       |       |    15 |    12 |     6 |     1 ||    34
   Stab: Paralysed         |       |       |       |       |     2 |       |       ||     2
 Armour: Scale mail        |    51 |    21 |    99 |   240 |   290 |       |       ||   701
         Plate armour      |       |       |       |       |       |   640 |    88 ||   728
  Dodge: Dodged            |    38 |    14 |    40 |   111 |    78 |   121 |    13 ||   415
         Repelled          |       |       |       |     2 |     4 |    48 |     2 ||    56
  Block: Buckler           |    17 |    11 |    35 |   173 |    35 |       |       ||   271
         Kite shield       |       |       |       |       |   481 |   758 |       ||  1239
         Reflection        |       |       |       |       |       |    63 |     7 ||    70
         Tower shield      |       |       |       |       |       |   745 |   155 ||   900

Table legend: (Time is in decaauts)
 A = Elapsed time spent in this place.
 B = Non-inter-level travel time spent in this place.
 C = Inter-level travel time spent in this place.
 D = Time resting spent in this place.
 E = Time spent auto-exploring this place.
 F = Levels seen in this place.
 G = Mean time per level.
                   A        B        C        D        E       F      G
               +--------+--------+--------+--------+--------+-----+--------+
         Total |  33749 |  30742 |   3007 |   3787 |  20564 |  34 |  992.6 |
       Dungeon |  13792 |  11989 |   1803 |    684 |   8964 |  15 |  919.5 |
        Temple |     65 |     29 |     36 |      0 |      0 |   1 |   65.0 |
          Lair |   4805 |   4326 |    479 |    479 |   2809 |   5 |  961.0 |
        Shoals |   5889 |   5650 |    239 |   1249 |   3395 |   4 | 1472.2 |
   Spider Nest |   5294 |   5094 |    200 |    945 |   3141 |   4 | 1323.5 |
  Orcish Mines |   1744 |   1506 |    238 |    169 |    886 |   2 |  872.0 |
        Vaults |   1643 |   1632 |     11 |    223 |   1155 |   2 |  821.5 |
      Ice Cave |    513 |    513 |      0 |     37 |    212 |   1 |  513.0 |
               +--------+--------+--------+--------+--------+-----+--------+

Top non-repeatable levels by time:
Spider:3: 1821 daAuts
Shoals:3: 1804 daAuts
Spider:4: 1690 daAuts
Shoals:2: 1567 daAuts
Vaults:1: 1559 daAuts
     D:6: 1508 daAuts
Shoals:1: 1445 daAuts
     D:7: 1341 daAuts
Spider:2: 1293 daAuts
  Lair:4: 1268 daAuts
    D:10: 1264 daAuts
   Orc:2: 1170 daAuts
  Lair:3: 1164 daAuts
Shoals:4: 1071 daAuts
    D:15: 1057 daAuts
